 Dungeon Crawl Stone Soup version 0.21.1-1-g345015fe64 (webtiles) character file.

2095 JarielCorvus the Fighter (level 9, -9/82 HPs)
             Began as a Purple Draconian Fighter on July 10, 2018.
             Was a Follower of Qazlal.
             Mangled by brittlin's ghost (16 damage)
             ... on level 7 of the Dungeon.
             The game lasted 00:18:26 (7806 turns).

JarielCorvus the Fighter (Purple Draconian Fighter) Turns: 7806, Time: 00:18:26

Health: -9/82      AC: 11    Str: 22    XL:     9   Next: 7%
Magic:  8/8        EV: 12    Int: 10    God:    Qazlal [*.....]
Gold:   332        SH: 17    Dex: 13    Spells: 8/8 levels left

rFire    + . .     SeeInvis .   a - +1 long sword
rCold    x . .     Gourm    .   k - +0 large shield
rNeg     . . .     Faith    .   (armour unavailable)
rPois    .         Spirit   .   (helmet restricted)
rElec    .         Reflect  .   B - +1 cloak
rCorr    .         Harm     .   r - +0 pair of gloves
MR       +....                  f - +0 pair of boots
Stlth    +.........             (no amulet)
HPRegen  0.23/turn              o - ring of fire
MPRegen  0.11/turn              E - +2 ring of intelligence

@: no status effects
A: breathe power, unfitting armour, low mp 1, strong 1, cold-blooded, MP-powered
wands, AC +7
a: Breathe Dispelling Energy, Renounce Religion


You were on level 7 of the Dungeon.
You worshipped Qazlal.
Qazlal was aware of your devotion.
You were not hungry.

You visited 2 branches of the dungeon, and saw 8 of its levels.

You collected 332 gold pieces.

Inventory:

Hand Weapons
 a - a +1 long sword (weapon)
 q - a +0 dagger of electrocution
 v - a +0 shortbow
 C - a +1 short sword of venom
Missiles
 i - 239 stones (quivered)
 p - 7 tomahawks
 z - 31 arrows
Armour
 b - a +0 shield
 f - a +0 pair of boots (worn)
 k - a +0 large shield (worn)
 r - a +0 pair of gloves (worn)
 u - a +0 shield
 B - a +1 cloak (worn)
Jewellery
 g - an uncursed ring of wizardry {unknown}
 o - a ring of fire (left hand)
 E - a +2 ring of intelligence (right hand)
Wands
 y - a wand of polymorph (15)
Scrolls
 e - 5 scrolls of remove curse
 n - 4 scrolls of teleportation
 w - a scroll of fear
 x - 3 scrolls of identify
 A - a scroll of magic mapping
 F - a scroll of enchant weapon
Potions
 c - 2 potions of might
 h - a potion of resistance
 j - a potion of haste
 l - a potion of invisibility
 m - 3 potions of agility
 s - a potion of curing
 t - 2 potions of lignification
Comestibles
 d - 8 rations


   Skills:
 * Level 8.3 Fighting
 + Level 5.2 Long Blades
 * Level 6.9 Dodging
 + Level 5.6 Shields


You had 8 spell levels left.
You didn't know any spells.

Dungeon Overview and Level Annotations

Branches:
Dungeon (7/15)             Temple (1/1) D:5

Altars:
Ashenzari
Cheibriados
Dithmenos
Elyvilon
Fedhas
Gozag
Hepliaklqana
Kikubaaqudgha
Makhleb
Nemelex Xobeh
Okawaru
Qazlal
Ru
Sif Muna
Trog
Uskayaw
Vehumet
Wu Jian
Xom
Zin
The Shining One

Annotations:
D:3 Necrophagist's ghost, amateur GnWn
D:5 patthesweetcat's ghost, amateur OpFE
D:7 brittlin's ghost, novice HOFi


Innate Abilities, Weirdness & Mutations

You can breathe bolts of dispelling energy.
Your rich purple scales are hard. (AC +7)
You cannot fit into any form of body armour.
You are cold-blooded and may be slowed by cold attacks.
Your magical capacity is low. (-10% MP)
Your muscles are strong. (Str +2)
You expend magic power (3 MP) to strengthen your wands.


Message History

You block brittlin's ghost's attack.
You slash brittlin's ghost!
Your tail-slap misses brittlin's ghost.
Brittlin's ghost is heavily damaged.
Brittlin's ghost hits you but does no damage.
You barely miss brittlin's ghost.
Brittlin's ghost is heavily damaged.
You block brittlin's ghost's attack. x2
You hit brittlin's ghost. You tail-slap brittlin's ghost!
Brittlin's ghost is severely damaged.
Brittlin's ghost hits you!!
* * * LOW HITPOINT WARNING * * *
Brittlin's ghost freezes you!!
* * * LOW HITPOINT WARNING * * *
Your shield prevents you from hitting brittlin's ghost.
Brittlin's ghost is severely damaged.
You block brittlin's ghost's attack.
You feel much better. Brittlin's ghost hits you!!
* * * LOW HITPOINT WARNING * * *
Brittlin's ghost freezes you!
You die...

......( ..# ....(.. #.#
.....$. #.# ###
##....... #.#
............ ####.#
#..##.#........ ##.....
............... #...)..
#W# #..##.# ..#.##@####
#..#..#
#..........#######..#.##
####.#####..............
# #.......###.......
#.##..#.###.###..# # #
#..#..........#
#.##.##.....##.####.#
........#.###.# #.#
###.###.......# #..


You could see brittlin's ghost.

Vanquished Creatures
  Grinder (D:6)
  Sigmund (D:5)
  A spriggan (D:7)
  Duvessa (D:7)
  2 sky beasts
  2 ogres
  A centaur (D:5)
  2 bullfrogs (D:6)
  A big kobold (D:6)
  Dowan (D:7)
  2 bullfrog zombies (D:5)
  3 crimson imps
  3 hounds
  A jelly (D:6)
  Crazy Yiuf (D:5)
  4 orc wizards
  4 iguanas
  3 worker ants
  A hound zombie (D:5)
  7 adders
  5 gnolls
  2 oozes
  An adder skeleton (D:4)
  3 worms
  2 leopard geckos
  18 orcs
  A giant cockroach (D:2)
  7 goblins
  4 hobgoblins
  6 jackals
  5 quokkas
  A ball python skeleton (D:5)
  6 bats
  4 frilled lizards
  A jackal skeleton (D:4)
  8 kobolds
  A quokka zombie (D:5)
  7 rats
124 creatures vanquished.

Vanquished Creatures (others)
  A plant (D:6)
1 creature vanquished.

Grand Total: 125 creatures vanquished

Notes
Turn   | Place    | Note
-------+----------+-------------------------------------------
     0 | D:1      | JarielCorvus the Draconian Fighter began the quest for the Orb.
     0 | D:1      | Reached XP level 1. HP: 19/19 MP: 1/1
   152 | D:1      | Reached XP level 2. HP: 8/26 MP: 2/2
   972 | D:2      | Reached XP level 3. HP: 27/33 MP: 3/3
  1054 | D:2      | Found a blossoming altar of Fedhas.
  1061 | D:2      | Found a white marble altar of Elyvilon.
  1063 | D:2      | Found a sparkling altar of Nemelex Xobeh.
  1640 | D:2      | Reached skill level 4 in Fighting
  2211 | D:3      | Reached XP level 4. HP: 18/40 MP: 4/4
  2339 | D:3      | Noticed Necrophagist's ghost (amateur GnWn)
  2702 | D:2      | Gained mutation: Your magical capacity is low. (-10% MP) [potion of mutation]
  2702 | D:2      | Gained mutation: You expend magic power (3 MP) to strengthen your wands. [potion of mutation]
  2702 | D:2      | Gained mutation: Your muscles are strong. (Str +2) [potion of mutation]
  3296 | D:4      | Reached XP level 5. HP: 43/47 MP: 4/4
  3347 | D:4      | Noticed an ogre
  3361 | D:4      | Killed an ogre
  3655 | D:4      | Reached skill level 5 in Fighting
  3668 | D:4      | Reached XP level 6. HP: 20/56 MP: 5/5
  4306 | D:5      | Entered Level 5 of the Dungeon
  4375 | D:5      | Noticed a sky beast
  4397 | D:5      | Killed a sky beast
  4514 | D:5      | Your scales start taking on a rich purple colour.
  4514 | D:5      | Reached XP level 7. HP: 35/62 MP: 6/6
  4668 | D:5      | Noticed patthesweetcat's ghost (amateur OpFE)
  4755 | D:5      | Noticed Sigmund
  4783 | D:5      | Killed Sigmund
  4783 | D:5      | Reached skill level 6 in Fighting
  4783 | D:5      | Reached skill level 5 in Dodging
  5222 | D:5      | HP: 1/64 [centaur (3)]
  5224 | D:5      | Reached XP level 8. HP: 27/71 MP: 7/7
  5640 | D:5      | Found a staircase to the Ecumenical Temple.
  5649 | Temple   | Entered the Ecumenical Temple
  5742 | Temple   | Became a worshipper of Qazlal Stormbringer
  5865 | D:5      | Found a runed door.
  6149 | D:5      | Noticed Crazy Yiuf
  6155 | D:5      | Killed Crazy Yiuf
  6155 | D:5      | Reached skill level 7 in Fighting
  6288 | D:6      | Noticed Grinder
  6305 | D:6      | Paralysed by Grinder for 3 turns
  6321 | D:6      | Killed Grinder
  6321 | D:6      | Reached skill level 5 in Shields
  6916 | D:6      | Found an iron altar of Okawaru.
  7122 | D:7      | Noticed Dowan
  7140 | D:7      | Killed Dowan
  7153 | D:7      | Noticed Duvessa
  7173 | D:7      | Killed Duvessa
  7173 | D:7      | Reached skill level 8 in Fighting
  7173 | D:7      | Reached skill level 5 in Long Blades
  7553 | D:7      | Reached * piety under Qazlal
  7553 | D:7      | Reached XP level 9. HP: 79/81 MP: 8/8
  7782 | D:7      | Noticed brittlin's ghost (novice HOFi)
  7804 | D:7      | HP: 2/82 [brittlin's ghost (18)]
  7806 | D:7      | Mangled by brittlin's ghost

Skill      XL: |  1  2  3  4  5  6  7  8 |
---------------+-------------------------+-----
Dodging        | 3 4 5 6 |  6.9
Fighting       | 4 5 6 8 |  8.3
Long Blades    | 3 4 5 |  5.2
Shields        | 4 5 |  5.6

Action                   |  1- 3 |  4- 6 |  7- 9 || total
-------------------------+-------+-------+-------++-------
Melee: Long sword        |    90 |   152 |   247 ||   489
       Tailslap          |    12 |    25 |    39 ||    76
Throw: Stone             |     4 |       |     3 ||     7
       Tomahawk          |       |       |     1 ||     1
 Abil: Breathe Dispellin |       |       |     2 ||     2
  Use: Scroll            |     8 |     8 |     4 ||    20
       Potion            |       |     4 |     3 ||     7
 Stab: Sleeping          |     1 |     1 |       ||     2
  Eat: Chunk             |     2 |     5 |     3 ||    10
       Ration            |     1 |       |     3 ||     4
Armor: Skin              |    24 |    50 |    63 ||   137
Dodge: Dodged            |    34 |   105 |    78 ||   217
Block: Shield            |    41 |   104 |     5 ||   150
       Large shield      |       |       |   199 ||   199
       Rpst.: Long sword |    11 |    34 |    21 ||    66
